 Dungeon Crawl Stone Soup version 0.28-b1-25-g9875b3fc8c (console) character file.

Game seed: 2663216375163295093

267 syban the Ducker (level 6, 37/49 HPs)
             Began as a Palentonga Earth Elementalist on Jan 31, 2022.
             Quit the game on level 4 of the Dungeon.
             The game lasted 00:06:04 (3861 turns).

syban the Ducker (Palentonga Earth Elementalist)    Turns: 3861, Time: 00:06:05

Health: 37/49      AC:  5    Str: 11 (13) XL:     6   Next: 0%
Magic:  9/9        EV: 10    Int: 14 (15) God:
Gold:   95         SH:  0    Dex:  8 (11) Spells: 6/9 levels left

rFire   . . .      SeeInvis +   g - +0 short sword (vorpal)
rCold   . . .      Faith    +   (no shield)
rNeg    + . .      Spirit   .   b - +0 robe
rPois   +          Reflect  .   r - +0 helmet
rElec   .          Harm     .   (no cloak)
rCorr   .          Rampage  .   (no gloves)
Will    .....                   (no barding)
Stlth   +.........              a - amulet of faith
HPRegen 0.16/turn               f - ring of positive energy
MPRegen 0.11/turn               h - ring of poison resistance

@: no status effects
A: large, rugged brown scales 3, see invisible, deformed body, roll 1, armoured
tail
a: Rolling Charge


You were on level 4 of the Dungeon.
You visited 1 branch of the dungeon, and saw 4 of its levels.

You collected 95 gold pieces.

Inventory:

Hand Weapons
 d - a +0 dagger
 g - a +0 vorpal short sword (weapon)
Missiles
 c - 134 stones
Armour
 b - a +0 robe (worn)
 q - a +2 chain mail of willpower
 r - a +0 helmet (worn)
Magical Staves
 k - a staff of conjuration
Jewellery
 a - an amulet of faith (around neck)
 f - a ring of positive energy (left hand)
 h - a ring of poison resistance (right hand)
 s - an amulet of the acrobat
Wands
 p - a wand of flame (15)
Scrolls
 n - 2 scrolls of enchant armour
 o - 2 scrolls of vulnerability


   Skills:
 * Level 2.7 Fighting
 * Level 1.9 Armour
 * Level 4.0 Dodging
 - Level 1.2 Stealth
 - Level 2.0 Spellcasting
 - Level 1.0 Transmutations
 - Level 2.6 Earth Magic


You had 6 spell levels left.
You knew the following spells:

 Your Spells              Type           Power      Damage    Failure   Level
a - Sandblast             Erth           16%        2d6       8%          1
b - Passwall              Tmut/Erth      5%         N/A       17%         2

Your spell library contained the following spells:

 Spells                   Type           Power      Damage    Failure   Level
 Stone Arrow              Conj/Erth      10%        3d7       38%         3
 Petrify                  Tmut/Erth      6%         N/A       73%         4


Dungeon Overview and Level Annotations

Branches:
Dungeon (4/15)
 Temple: D:4-7

Altars:

Shops:
D:1 (

Annotations:
D:3 Sigmund


Innate Abilities, Weirdness & Mutations

You are completely covered in rugged brown scales. (AC +3, +7% HP)
You have supernaturally acute eyesight. (SInv)
Armour fits poorly on your strangely shaped body.
You can roll at nearby foes to attack.
You have a long armoured tail.


Message History

You open the door.
There is an open door here.
A bat comes into view.
Found a stone staircase leading down.
Unknown command.
The bat barely misses you.
You miss the bat. You tail-slap the bat.
You kill the bat!
A white imp comes into view.
The giant cockroach misses you.
The white imp hits you but does no damage.
There is a stone staircase leading down here.
You barely miss the white imp. The giant cockroach bites you.
The white imp gestures at you. The puff of frost hits you.
You hit the white imp.
The white imp is heavily wounded.
The giant cockroach bites you. The white imp hits you.
The white imp freezes you.
The giant cockroach bites you but does no damage.
You hit the white imp.
You kill the white imp!
The giant cockroach bites you.
Your Dodging skill increases to level 4!
You have reached level 6!
Save game and exit?
Okay, then.
You barely miss the giant cockroach.
The giant cockroach bites you but does no damage.
You hit the giant cockroach.
You kill the giant cockroach!
You see here a giant cockroach corpse.
There is a stone staircase leading down here.
You climb downwards.
Found a stone staircase leading down.
There is a stone staircase leading up here.
Unknown command.
Okay, then.
There is a stone staircase leading up here.
Are you sure you want to abandon this character and quit the game? (Confirm with "yes".)

# #. #. #.###
#####...#######
........@.....#
.##..>.#####.#
#...## #...
#... #... ....
.###. .# #.


There were no monsters in sight!

Vanquished Creatures
  A necrophage (D:3)
  A bullfrog (D:3)
  Ijyb (D:3)
  A hound skeleton (D:3)
  2 adders
  A white imp (D:3)
  A worm (D:2)
  3 dart slugs
  An orc (D:3)
  An endoplasm (D:1)
  2 giant cockroaches
  5 goblins
  4 hobgoblins
  5 kobolds
  A quokka (D:2)
  3 ball pythons
  8 bats
  3 frilled lizards
  3 rats (D:1)
47 creatures vanquished.

Notes
Turn   | Place    | Note
-------+----------+-------------------------------------------
     0 | D:1      | syban the Palentonga Earth Elementalist began the quest for
                  | the Orb.
     0 | D:1      | Reached XP level 1. HP: 13/13 MP: 3/3
   397 | D:1      | Reached XP level 2. HP: 12/21 MP: 5/5
   737 | D:1      | Reached skill level 2 in Dodging
   848 | D:1      | Found Vuskawni's Weapon Emporium.
   862 | D:1      | Reached skill level 1 in Fighting
  1726 | D:2      | Reached skill level 1 in Armour
  1726 | D:2      | Reached XP level 3. HP: 10/27 MP: 3/6
  2838 | D:3      | Noticed a necrophage
  2845 | D:3      | Killed a necrophage
  2846 | D:3      | Reached skill level 3 in Dodging
  2846 | D:3      | Reached XP level 4. HP: 30/35 MP: 5/7
  2856 | D:3      | Noticed Ijyb
  2859 | D:3      | Reached XP level 5. HP: 34/40 MP: 6/8
  2867 | D:3      | Killed Ijyb
  3370 | D:3      | Learned a level 2 spell: Passwall
  3577 | D:3      | Noticed Sigmund
  3853 | D:3      | Reached skill level 4 in Dodging
  3853 | D:3      | Reached XP level 6. HP: 36/49 MP: 9/9
  3861 | D:4      | Quit the game

Illustrated notes

Levels and vault maps discovered:
D:1:      scummos_arrival_forest, layout_basic, serial_shops, shop
D:2:      layout_basic, grunt_ministairs_4
D:3:      minmay_spotlight, layout_loops_corners, grunt_ministairs_11,
          minmay_misc_feat_hallway, minmay_misc_feat_cross, uniq_sigmund,
          uniq_ijyb
D:4:      layout_loops_ring, lemuel_coloured_pillars_altar

Skill      XL: |  1  2  3  4  5 |
---------------+----------------+-----
Dodging        | 2 3 4 |  4.0
Fighting       | 1 2 |  2.7
Armour         | 1 |  1.9
Stealth        | |  1.2
Spellcasting   | |  2.0
Transmutations | |  1.0
Earth Magic    | |  2.6

Action                   |  1- 3 |  4- 6 || total
-------------------------+-------+-------++-------
Melee: Unarmed           |    66 |       ||    66
       Tailslap          |    17 |     5 ||    22
       Dagger            |    34 |       ||    34
       Short sword       |    54 |    49 ||   103
       Punch             |     1 |       ||     1
 Cast: Sandblast         |     3 |    18 ||    21
  Use: Potion            |     1 |     3 ||     4
       Scroll            |       |     7 ||     7
 Stab: Sleeping          |     2 |     1 ||     3
Armor: Robe              |    69 |    26 ||    95
Dodge: Dodged            |    84 |    36 ||   120
